 Dungeon Crawl Stone Soup version 0.29.1-15-g9cfb28693d (webtiles) character file.

Game seed: 12211500183801372426

634 BuddhaDhamma the Cleaver (level 7, 0/57 HPs)
             Began as a Minotaur Berserker on Mar 1, 2023.
             Was a Believer of Trog.
             Slain by a centaur
             ... wielding a +0 demon whip of freezing
              (4 damage)
             ... on level 4 of the Dungeon.
             The game lasted 00:06:01 (4149 turns).

BuddhaDhamma the Cleaver (Minotaur Berserker)       Turns: 4149, Time: 00:06:02

Health: 0/57       AC:  7    Str: 29    XL:     7   Next: 25%
Magic:  6/6        EV: 11    Int:  4    God:    Trog [**....]
Gold:   189        SH:  0    Dex: 10    Spells: 6/6 levels left

rFire   . . .      SeeInvis .   a - +1 hand axe
rCold   . . .      Faith    .   (no shield)
rNeg    . . .      Spirit   .   l - +0 ring mail
rPois   +          Reflect  .   (helmet restricted)
rElec   .          Harm     .   b - +1 cloak
rCorr   .          Rampage  .   (no gloves)
Will    .....                   (no boots)
Stlth   ..........              m - amulet of the acrobat
HPRegen 0.19/turn               c - +6 ring of strength
MPRegen 0.10/turn               i - ring of poison resistance

@: no status effects
A: horns 2, retaliatory headbutt
a: Renounce Religion, Berserk, Trog's Hand


You were on level 4 of the Dungeon.
You worshipped Trog.
Trog was pleased with you.
You visited 1 branch of the dungeon, and saw 4 of its levels.

You collected 189 gold pieces.

Inventory:

Hand Weapons
 a - a +1 hand axe (weapon)
Missiles
 f - 4 boomerangs (quivered)
Armour
 b - a +1 cloak (worn)
 l - a +0 ring mail (worn)
Jewellery
 c - a +6 ring of strength (left hand)
 i - a ring of poison resistance (right hand)
 m - an amulet of the acrobat (around neck)
Scrolls
 e - 3 scrolls of identify {unknown}
 o - a scroll of teleportation {unknown}
Potions
 d - a potion of might {unknown}
 g - a potion of berserk rage {unknown}
 h - 4 potions of haste {unknown}
 j - a potion of ambrosia {unknown}
 k - a potion of brilliance {unknown}
 n - a potion of attraction {unknown}


   Skills:
 - Level 3.6 Fighting
 + Level 10.1 Axes
 - Level 2.4 Armour
 - Level 2.1 Dodging


You had 6 spell levels left.
You didn't know any spells.
Your spell library was empty.

Dungeon Overview and Level Annotations

Branches:
Dungeon (4/15)             Temple (0/1) D:4

Altars:
Elyvilon
Vehumet


Innate Abilities, Weirdness & Mutations

You have a pair of horns on your head.
You reflexively headbutt those who attack you in melee.


Message History

The centaur freezes you.
The centaur kicks you but does no damage.
The centaur hits you with a +0 demon whip of freezing.
The centaur freezes you.
The centaur kicks you but does no damage.
You hit the centaur. You headbutt the centaur.
The centaur is heavily wounded.
The centaur hits you with a +0 demon whip of freezing.
The centaur freezes you. The centaur barely misses you.
You hit the centaur but do no damage.
The centaur is heavily wounded.
The centaur barely misses you. You furiously retaliate!
You headbutt the centaur, but do no damage.
The centaur kicks you but does no damage.
You hit the centaur.
The centaur is heavily wounded.
The centaur barely misses you. The centaur misses you.
You hit the centaur but do no damage. You headbutt the centaur.
The centaur is heavily wounded.
The centaur hits you but does no damage.
The centaur kicks you but does no damage.
You hit the centaur.
The centaur is severely wounded.
The centaur hits you with a +0 demon whip of freezing.
The centaur freezes you. The centaur completely misses you.
The centaur hits you with a +0 demon whip of freezing!
* * * LOW HITPOINT WARNING * * *
The centaur freezes you.
* * * LOW HITPOINT WARNING * * *
The centaur closely misses you.
You hit the centaur but do no damage.
The centaur is severely wounded.
The centaur barely misses you.
The centaur kicks you but does no damage.
You barely miss the centaur.
The centaur is severely wounded.
The centaur hits you with a +0 demon whip of freezing!
* * * LOW HITPOINT WARNING * * *
The centaur freezes you.
You die...

#.##### #.# #..#......
#.<...# #.# ##########.
###...# #.###........##
#...###.##..#.#..#.+
####....##.....#......#
......#.##..>..#......#
......#.##(.####.#..#.#
......#c.......#......#
.......@.......########
......###......#cY B
..... #..⌠..##.. ....
#.....# #'# ...
#.....### ##### ..
##..#...###...## .
#.#####..#.#..# #†#
##...##.#
####.#####........


You could see a centaur.

Vanquished Creatures
  A water moccasin (D:4)
  An ogre (D:4)
  A phantom (D:4)
  2 scorpions (D:4)
  A howler monkey (D:4)
  2 orc priests (D:4)
  4 gnolls (D:2)
  6 adders
  3 worms
  2 dart slugs
  3 orcs
  3 ball pythons
  A bat (D:1)
  3 endoplasms
  2 giant cockroaches (D:4)
  3 goblins
  5 hobgoblins
  7 kobolds
  4 quokkas
  4 frilled lizards
  2 rats
60 creatures vanquished.

Notes
Turn   | Place    | Note
-------+----------+-------------------------------------------
     0 | D:1      | BuddhaDhamma the Minotaur Berserker began the quest for the
                  | Orb.
     0 | D:1      | Reached XP level 1. HP: 19/19 MP: 0/0
   176 | D:1      | Reached skill level 4 in Axes
   390 | D:1      | Reached XP level 2. HP: 22/26 MP: 1/1
   946 | D:1      | Found a faded altar of an unknown god.
  1501 | D:2      | Reached skill level 5 in Axes
  1501 | D:2      | Reached XP level 3. HP: 21/31 MP: 2/2
  1713 | D:2      | Reached skill level 6 in Axes
  1713 | D:2      | Reached XP level 4. HP: 39/39 MP: 3/3
  3302 | D:4      | Noticed a phantom
  3308 | D:4      | Killed a phantom
  3309 | D:4      | Reached skill level 7 in Axes
  3309 | D:4      | Reached XP level 5. HP: 45/45 MP: 4/4
  3467 | D:4      | Noticed a centaur
  3467 | D:4      | Noticed an ice beast
  3489 | D:4      | Found a white marble altar of Elyvilon.
  3494 | D:4      | Reached skill level 8 in Axes
  3552 | D:4      | Found a radiant altar of Vehumet.
  3566 | D:4      | Found a staircase to the Ecumenical Temple.
  3567 | D:4      | Noticed a water moccasin
  3582 | D:4      | Killed a water moccasin
  3583 | D:4      | Reached XP level 6. HP: 30/51 MP: 5/5
  3739 | D:4      | Reached skill level 9 in Axes
  3821 | D:4      | Reached XP level 7. HP: 56/57 MP: 6/6
  3829 | D:4      | Reached ** piety under Trog
  3889 | D:4      | Reached skill level 10 in Axes
  4149 | D:4      | Slain by a centaur

Illustrated notes

Levels and vault maps discovered:
D:1:      wheals_arrival_linesprint, layout_loops_ring,
          shapermc_ecumenical_altar_hornbeckon
D:2:      layout_basic
D:3:      layout_loops_ring
D:4:      minmay_clustersquares, layout_rooms,
          mainiacjoe_overflow_catch_the_wave,
          minmay_temple_entry_statues_pillars, solitary_fountain,
          hangedman_decor_diamond_cutter, nicolae_underground_beach

Skill      XL: |  1  2  3  4  5  6  7 |
---------------+----------------------+-----
Axes           | 4 5 6 7 8 9 10 | 10.1
Fighting       | |  3.6
Armour         | |  2.4
Dodging        | |  2.1

Action                   |  1- 3 |  4- 6 |  7- 9 || total
-------------------------+-------+-------+-------++-------
Melee: Hand axe          |    46 |    77 |    29 ||   152
       Headbutt          |     6 |    17 |     9 ||    32
Throw: Boomerang         |     6 |     8 |     4 ||    18
Invok: Berserk           |     1 |     1 |       ||     2
  Use: Scroll            |       |     7 |       ||     7
Armor: Animal skin       |     6 |       |       ||     6
       Ring mail         |     3 |    12 |    12 ||    27
Dodge: Dodged            |    24 |    45 |    22 ||    91
